Map: Ruins of Seras

Players

LindyHop

  • Race: Zerg Zerg
  • League: Platinum

WetGravity - Winner!

  • Race: Zerg Zerg
  • League: Platinum

VOD

Have the link to the VOD?

Description

Time

  • Played on: Dec. 16, 2015, 7:46 p.m.
  • Length: 4:35
Show
View Real Time Build Order
Export as new Build Order

LindyHop Zerg 

Build Orders: Hatch First 

Get SALT Encoding   

  12  0:01  Drone  
  13  0:13  Overlord  
  13  0:17  Drone  
  14  0:32  Drone x2  
  16  0:54  Hatchery  
  15  1:05  Drone x3  
  15  1:07  Extractor  
  17  1:22  Spawning Pool  
  16  1:26  Drone  
  16  1:32  Drone  
  18  1:38  Drone  
  19  1:48  Overlord  
  19  1:59  Drone  
  20  2:11  Spine Crawler  
  20  2:14  Zergling x4  
  21  2:19  Queen  
  23  2:25  Zergling x4  
  25  2:30  Metabolic Boost  
  25  2:37  Zergling x2  
  26  2:51  Baneling Nest  
  25  2:54  Drone x2  
  27  3:01  Drone  
  27  3:04  Drone  
  27  3:35  Zergling x2  
  27  3:36  Zergling x2  
  27  3:42  Zergling x6  
  27  3:47  Zergling x2  
  28  3:55  Zergling x2  
  29  4:05  Zergling x2  
  29  4:08  Baneling Nest  
  28  4:14  Spine Crawler  
  28  4:16  Zergling x2  
  29  4:17  Zergling x4  
Show
View Real Time Build Order
Export as new Build Order

WetGravity Zerg - Winner!

Build Orders: Pool First 

Get SALT Encoding   

  12  0:01  Drone  
  13  0:08  Extractor  
  12  0:28  Spawning Pool  
  11  0:32  Drone  
  12  0:40  Drone  
  13  0:51  Overlord  
  13  0:57  Drone  
  14  1:14  Zergling x2  
  14  1:15  Zergling x2  
  14  1:16  Zergling x2  
  17  1:26  Zergling x2  
  17  1:29  Queen  
  20  1:42  Zergling x2  
  21  1:49  Drone  
  21  1:53  Metabolic Boost  
  22  2:10  Overlord  
  22  2:29  Zergling x4  
  24  2:33  Hatchery  
  23  2:38  Zergling x2  
  24  2:44  Zergling x2  
  24  2:50  Zergling x6  
  28  2:55  Zergling x2  
  29  3:05  Overlord  
  29  3:27  Zergling x6  
  29  3:28  Zergling x2  
  27  3:41  Zergling x2  
  27  3:48  Zergling x10  
  28  3:56  Zergling x2  
  28  4:01  Zergling x2  
  30  4:08  Zergling x2  
  30  4:11  Zergling x2  
Tags
 
Add a new tag
Caveats
  • Supply blocks, unpowered buildings, or Contaminate may cause inaccurate times.
  • Supply counts are checked every 10 seconds.